cohdb
Replays
Latest Replays
All Replays
Popular Replays
Top Player Replays
Match Explorer
How It Works
Community
CoH3 Stats
Reddit
Sign in to upload your games and track your stats! →
Sign in with Steam
Match 47067144
Unlisted
Match 47067144
Overview
Messages
Build Orders
End
Selects Heavy Weapons
Scout Squad
Construct Barracks
Scout Squad
M1 Mortar Team
Construct Weapon Support Center
Selects Assault Carriers
Construct Medical Station
Riflemen Squad
Selects Exchangeable Parts
Selects M2HB .50cal Heavy Machine Gun
Air Support Center
1⁄4-ton 4x4 Truck
Engineer Squad
Bazooka Squad
Riflemen Squad
M3 Assault Carrier
Selects Gallant Stand
Riflemen Squad
Grasshopper Recon Run
Riflemen Squad
Riflemen Squad
Riflemen Squad
fredbejuy
Riberstein
0
0
Comments
sign in to comment!
No comments posted yet!